 Dungeon Crawl Stone Soup version 0.26.1-11-gd32895ea62 (webtiles) character file.

Game seed: 6430656646718154571

34436 Zeld the Severer (level 13, -3/190 HPs)
             Began as a Minotaur Berserker on June 12, 2021.
             Was an Elder of Trog.
             Slain by a cyan ugly thing (17 damage)
             ... on level 14 of the Dungeon.
             The game lasted 00:26:10 (25070 turns).

Zeld the Severer (Minotaur Berserker)              Turns: 25070, Time: 00:26:10

Health: -3/190     AC: 20    Str: 27    XL:     13   Next: 42%
Magic:  12/12      EV: 12    Int:  4    God:    Trog [****..]
Gold:   499        SH:  5    Dex: 10    Spells: 12/12 levels left

rFire    . . .     SeeInvis +   a - +3 broad axe (flame)
rCold    . . .     Faith    .   (no shield)
rNeg     . . .     Spirit   .   A - +0 plate armour
rPois    .         Reflect  +   (helmet restricted)
rElec    .         Harm     .   m - +2 cloak
rCorr    .         Rampage  .   z - +2 pair of gloves
Will     ++...                  y - +2 pair of boots
Stlth    ..........             o - amulet of reflection
HPRegen  1.41/turn              j - ring of see invisible
MPRegen  0.13/turn              (no ring)

@: berserking, regenerating, studying Fighting, very quick
A: retaliatory headbutt, horns 2
a: Renounce Religion, Berserk, Trog's Hand, Brothers in Arms


You were on level 14 of the Dungeon.
You worshipped Trog.
Trog was greatly pleased with you.
You visited 2 branches of the dungeon, and saw 15 of its levels.
You also visited: Sewer, Ossuary and Ice Cave.

You collected 1351 gold pieces.
You spent 852 gold pieces at shops.

Inventory:

Hand Weapons
 a - a +3 broad axe of flaming (weapon)
Armour
 m - a +2 cloak (worn)
 y - a +2 pair of boots (worn)
 z - a +2 pair of gloves (worn)
 A - a +0 plate armour (worn)
Jewellery
 j - a ring of see invisible (left hand)
 o - an amulet of reflection (around neck)
Wands
 d - a wand of flame (40)
 f - a wand of polymorph (18)
 i - a wand of paralysis (8)
 k - a wand of acid (9)
 l - a wand of digging (25)
Scrolls
 e - 8 scrolls of teleportation
 g - 8 scrolls of remove curse
 n - 2 scrolls of blinking
 x - 2 scrolls of fear
 G - a scroll of enchant armour
Potions
 c - 6 potions of heal wounds
 p - 2 potions of resistance
 q - 3 potions of might
 r - 4 potions of curing
 s - 3 potions of ambrosia
 u - 4 potions of flight {unknown}
 v - a potion of lignification {unknown}
 w - 4 potions of haste {unknown}
 B - 2 potions of attraction {unknown}
 E - 2 potions of experience {unknown}
 F - a potion of berserk rage
Books
 b - a manual of Fighting


   Skills:
 * Level 15.3 Fighting
 * Level 18.3 Axes
 - Level 2.4 Armour
 + Level 12.5 Dodging


You had 12 spell levels left.
You didn't know any spells.
Your spell library was empty.

Dungeon Overview and Level Annotations

Branches:
Dungeon (14/15)            Temple (1/1) D:4            Lair (0/6) D:9
    Orc (0/2) D:10          Sewer (visited)         Ossuary (visited)
  IceCv (visited)
 Vaults: D:13-14

Altars:
Ashenzari
Cheibriados
Dithmenos
Elyvilon
Fedhas
Gozag
Hepliaklqana
Kikubaaqudgha
Makhleb
Nemelex Xobeh
Okawaru
Qazlal
Ru
Sif Muna
Trog
Uskayaw
Vehumet
Wu Jian
Xom
Yredelemnul
Zin
The Shining One

Shops:
D:6 [*[[=*[([

Portals:
Abyss: D:4


Innate Abilities, Weirdness & Mutations

You reflexively headbutt those who attack you in melee.
You have a pair of horns on your head.


Message History

You closely miss the cyan ugly thing.
Your headbutt misses the cyan ugly thing.
The cyan ugly thing is severely wounded.
You slash the red ugly thing! You burn the red ugly thing.
Unknown command.
You slice the cyan ugly thing!! You burn the cyan ugly thing!
You kill the cyan ugly thing!
Trog accepts your kill.
You slash the red ugly thing! You burn the red ugly thing.
The red ugly thing punches you!
* * * LOW HITPOINT WARNING * * *
You are engulfed in flames!!
* * * LOW HITPOINT WARNING * * *
You hit the cyan ugly thing. You burn the cyan ugly thing.
You headbutt the cyan ugly thing!
The cyan ugly thing is lightly wounded.
You slash the red ugly thing! The cyan ugly thing engulfs you!
* * * LOW HITPOINT WARNING * * *
The cyan ugly thing shocks you!
You die...

................
................
.#####)#..#.####
#..........#
#..##.#..#.##..
#. #.#).#.# . #
.##..# . .. #..#
. ### #.@#
./....uu#
........u
.......##.
.......# ..
####### .. ...
###


You could see 3 ugly things.

Vanquished Creatures
  A merfolk impaler (D:13)
  A boulder beetle (D:12)
  Harold (D:11)
  A centaur warrior (D:14)
  A merfolk avatar (D:13)
  4 two-headed ogres
  A deep elf knight (D:14)
  4 unseen horrors
  Pikel (D:4)
  A deep elf mage (D:14)
  A cyclops (D:13)
  5 ugly things
  A manticore (shapeshifter) (D:12)
  2 manticores
  A toenail golem (D:4)
  Maurice (D:8)
  Psyche (D:8)
  3 gargoyles
  The ghost of Zeld the Slasher, a novice HuGl (D:4)
  2 yaktaurs (D:14)
  2 rime drakes (D:12)
  A komodo dragon (D:10)
  3 trolls
  Prince Ribbit (D:8)
  A harpy skeleton (D:14)
  A hornet (D:14)
  Sigmund (D:4)
  A shadow (D:14)
  3 wyverns
  A vampire (D:12)
  13 yaks
  3 steam dragons
  A basilisk (D:11)
  4 vampire mosquitoes
  Edmund (D:4)
  A water moccasin (D:9)
  A soldier ant (D:12)
  4 orc warriors
  5 sky beasts
  A black bear (D:11)
  8 ice beasts
  4 phantoms
  4 necrophages
  10 centaurs
  11 ogres
  A lemure (D:4)
  11 big kobolds
  6 bullfrogs
  5 gnoll sergeants
  A wyvern zombie (D:11)
  A wyvern skeleton (D:11)
  9 scorpions
  A water moccasin skeleton (D:9)
  7 killer bees
  16 wights
  A howler monkey (D:4)
  2 bullfrog zombies
  3 centaur zombies
  A jelly (D:11)
  3 quasits
  8 centaur skeletons
  4 hounds
  6 orc priests
  4 bullfrog skeletons
  Ijyb (D:4)
  Jessica (D:3)
  7 iguanas
  12 orc wizards
  8 worker ants
  2 small abominations (D:4)
  A big kobold zombie (Ossuary)
  3 hound zombies
  A hound skeleton (D:6)
  8 mummies (Ossuary)
  18 gnolls
  A howler monkey skeleton (D:10)
  19 adders
  2 river rats (Sewer)
  2 shadow imps
  2 white imps
  An ufetubus (D:7)
  4 oozes
  9 worms
  6 leopard geckos
  55 orcs
  6 ball pythons (Sewer)
  9 bats
  4 giant cockroaches
  A gnoll zombie (Ossuary)
  11 goblins
  8 hobgoblins
  13 jackals
  5 quokkas
  3 frilled lizards
  3 hobgoblin zombies (Ossuary)
  A jackal skeleton (D:6)
  A jackal zombie (D:6)
  18 kobolds
  A kobold zombie (Ossuary)
  2 leopard gecko zombies
  2 orc zombies (Ossuary)
  A quokka skeleton (D:9)
  15 rats
  A rat zombie (D:2)
478 creatures vanquished.

Vanquished Creatures (collateral kills)
  A skeletal warrior (D:14)
  An orc knight (D:14)
  2 ugly things
  3 ice statues (IceCv)
  An orc warrior (D:7)
  An orc (D:14)
9 creatures vanquished.

Vanquished Creatures (others)
  A shadow (D:14)
  A frilled lizard (D:2)
  8 fungi (D:5)
10 creatures vanquished.

Grand Total: 497 creatures vanquished

Notes
Turn   | Place    | Note
-------+----------+-------------------------------------------
     0 | D:1      | Zeld the Minotaur Berserker began the quest for the Orb.
     0 | D:1      | Reached XP level 1. HP: 19/19 MP: 0/0
   130 | D:1      | Reached skill level 4 in Axes
   130 | D:1      | Reached XP level 2. HP: 26/27 MP: 1/1
   588 | D:1      | Reached ** piety under Trog
   610 | D:1      | Reached XP level 3. HP: 29/33 MP: 2/2
   897 | D:2      | You fall into a shaft and drop 1 floor!
  1004 | D:3      | Reached skill level 5 in Axes
  1004 | D:3      | Reached XP level 4. HP: 4/40 MP: 3/3
  1005 | D:3      | HP: 3/60 [jackal (2)]
  2268 | D:2      | Reached XP level 5. HP: 43/47 MP: 4/4
  2654 | D:2      | Found an ancient bone altar of Kikubaaqudgha.
  3236 | D:3      | Reached skill level 6 in Axes
  3598 | D:3      | Found a burning altar of Makhleb.
  3598 | D:3      | Noticed Jessica
  3604 | D:3      | Killed Jessica
  3605 | D:3      | Reached skill level 5 in Fighting
  3606 | D:3      | Reached XP level 6. HP: 48/56 MP: 5/5
  3807 | D:3      | Found a sparkling altar of Nemelex Xobeh.
  3972 | D:4      | Found a staircase to the Ecumenical Temple.
  3974 | D:4      | Noticed Ijyb
  3993 | D:4      | Killed Ijyb
  4016 | D:4      | Reached *** piety under Trog
  4017 | D:4      | Reached skill level 7 in Axes
  4022 | D:4      | Reached XP level 7. HP: 24/62 MP: 6/6
  4180 | D:4      | Noticed Sigmund
  4192 | D:4      | Killed Sigmund
  4233 | D:4      | Noticed a toenail golem
  4234 | D:4      | Identified the +10 halberd "Ugiall" {distort, Int+4}
  4234 | D:4      | Noticed Zeld's ghost (novice HuGl)
  4245 | D:4      | Noticed a small abomination
  4251 | D:4      | Found a transporter.
  4263 | D:4      | Reached skill level 8 in Axes
  4263 | D:4      | Reached skill level 5 in Dodging
  4406 | D:4      | Found a sand-covered staircase.
  4411 | Ossuary  | Entered an ossuary
  5013 | D:4      | Reached XP level 8. HP: 60/71 MP: 7/7
  5109 | Temple   | Entered the Ecumenical Temple
  5296 | D:4      | Noticed Edmund
  5306 | D:4      | Killed Edmund
  5307 | D:4      | Reached skill level 9 in Axes
  5719 | D:4      | Found a one-way gate to the infinite horrors of the Abyss.
  5744 | D:4      | Found a transporter.
  5913 | D:4      | Noticed Pikel
  5927 | D:4      | Killed Pikel
  5928 | D:4      | Reached skill level 10 in Axes
  6830 | D:5      | Entered Level 5 of the Dungeon
  6939 | D:5      | Found a hide-covered altar of Uskayaw.
  7102 | D:5      | Found a glowing drain.
  7291 | Sewer    | Entered a sewer
  7913 | Sewer    | Reached XP level 9. HP: 74/81 MP: 8/8
  7957 | Sewer    | Reached **** piety under Trog
  9079 | D:4      | Killed a toenail golem
  9080 | D:4      | Reached skill level 11 in Axes
  9090 | D:4      | Killed Zeld's ghost
  9938 | D:5      | Found an iron altar of Okawaru.
  9955 | D:5      | Reached skill level 12 in Axes
 10782 | D:6      | Found Pytoclysch's Armour Boutique.
 10946 | D:6      | Bought a +0 cloak for 54 gold pieces
 11958 | D:6      | Reached XP level 10. HP: 75/81 MP: 9/9
 12106 | D:6      | Found a white marble altar of Elyvilon.
 12172 | D:6      | Found Woteez's Armour Boutique.
 12207 | D:6      | Found Udeps's Assorted Antiques.
 12264 | D:6      | Bought a scroll of blinking for 172 gold pieces
 12264 | D:6      | Bought a scroll of identify for 46 gold pieces
 12264 | D:6      | Bought a scroll of teleportation for 69 gold pieces
 12264 | D:6      | Bought an inky potion for 20 gold pieces
 12264 | D:6      | Bought a wand of polymorph (9) for 46 gold pieces
 12296 | D:6      | Found Bosmemeci's Assorted Antiques.
 12296 | D:6      | Found Aptot's Armour Emporium.
 12297 | D:6      | Found Jopnomaq's Armour Emporium.
 12301 | D:6      | Found Munno's Jewellery Emporium.
 12305 | D:6      | Bought a pair of boots for 121 gold pieces
 12305 | D:6      | Bought a scroll of identify for 54 gold pieces
 12361 | D:6      | Found Waber's Armour Boutique.
 12386 | D:6      | Found Gashrija's Weapon Boutique.
 12475 | D:6      | Found a shimmering altar of Xom.
 12476 | D:6      | Found a hazy altar of Hepliaklqana.
 12643 | D:6      | Bought a scroll of teleportation for 81 gold pieces
 13518 | D:7      | Reached skill level 13 in Axes
 14013 | D:8      | Noticed Psyche
 14024 | D:8      | Killed Psyche
 14025 | D:8      | Reached skill level 10 in Fighting
 14026 | D:8      | HP: 6/139 [orc warrior/+0 morningstar (11)]
 14708 | D:8      | Found an ornate altar of the Wu Jian Council.
 14818 | D:8      | Noticed Prince Ribbit
 14950 | D:8      | Killed Prince Ribbit
 15198 | D:8      | Noticed Maurice
 15219 | D:8      | Killed Maurice
 15505 | D:8      | Reached skill level 14 in Axes
 15726 | D:9      | Found a glowing golden altar of the Shining One.
 15741 | D:9      | Reached ***** piety under Trog
 15773 | D:9      | Reached XP level 11. HP: 68/101 MP: 10/10
 16205 | D:9      | Found a staircase to the Lair.
 16919 | D:9      | Found a stormy altar of Qazlal.
 16919 | D:9      | Found a radiant altar of Vehumet.
 17567 | D:6      | Bought a scroll of remove curse for 81 gold pieces
 17567 | D:6      | Bought a scroll of identify for 54 gold pieces
 17567 | D:6      | Bought a scroll of identify for 54 gold pieces
 17647 | D:10     | Entered Level 10 of the Dungeon
 17782 | D:10     | Noticed an unseen horror
 17792 | D:10     | Killed an unseen horror
 17793 | D:10     | Reached skill level 10 in Dodging
 17932 | D:10     | Found a staircase to the Orcish Mines.
 17944 | D:10     | Reached skill level 15 in Axes
 18655 | D:10     | Noticed an unseen horror
 18665 | D:10     | Killed an unseen horror
 18854 | D:11     | Reached ****** piety under Trog
 18880 | D:11     | Noticed a two-headed ogre
 18881 | D:11     | Noticed Harold
 19032 | D:10     | Killed a two-headed ogre
 19289 | D:11     | Killed Harold
 19309 | D:11     | Noticed a white ugly thing
 19313 | D:11     | Killed a white ugly thing
 19954 | D:11     | Reached skill level 16 in Axes
 19954 | D:11     | Reached XP level 12. HP: 82/112 MP: 11/11
 20352 | D:12     | Noticed a boulder beetle
 20363 | D:12     | Killed a boulder beetle
 20709 | D:12     | Received a gift from Trog
 20800 | D:12     | Found a frozen archway.
 20835 | IceCv    | Entered an ice cave
 21110 | IceCv    | Got scorched ice dragon scales
 21121 | IceCv    | Identified the +4 ice dragon scales of Zin's Hatred {rElec
                  | rF- rC++} (You found it in an ice cave)
 21212 | D:12     | Reached skill level 17 in Axes
 21289 | D:12     | Noticed a two-headed ogre
 21298 | D:12     | Killed a two-headed ogre
 22290 | D:13     | Identified a scroll of acquirement
 22291 | D:13     | Acquired a manual of Fighting
 22882 | D:13     | Noticed a two-headed ogre
 22889 | D:13     | Killed a two-headed ogre
 23011 | D:13     | Found a runed translucent door.
 23011 | D:13     | Found a runed translucent door.
 23013 | D:13     | Noticed a merfolk impaler
 23013 | D:13     | Noticed a merfolk avatar
 23016 | D:13     | Found a runed translucent door.
 23715 | D:13     | Reached XP level 13. HP: 57/122 MP: 12/12
 24187 | D:13     | Killed a merfolk impaler
 24549 | D:14     | Received a gift from Trog
 24583 | D:14     | Reached skill level 18 in Axes
 24938 | D:14     | Reached skill level 15 in Fighting
 25070 | D:14     | Slain by a cyan ugly thing

Illustrated notes

Levels and vault maps discovered:
D:1:      dpeg_arrival_rooms_b, layout_rooms, minmay_statues_item,
          minmay_ruptured
D:2:      layout_rooms, lemuel_zombie_altar_kikubaaqudgha, minmay_domino_4
D:3:      layout_loops_ring, makhleb_heckhound_becter, general_overflow_altar,
          kennysheep_boxes, uniq_jessica
D:4:      layout_basic, minmay_temple_entry_grid,
          gammafunk_ghost_abyssal_escape, nicolae_ossuary_entry_false_entrances,
          kennysheep_big_empty_room, kennysheep_generic_room_13, uniq_edmund,
          uniq_ijyb, uniq_pikel, uniq_sigmund
D:5:      kennysheep_steamy, layout_loops_ring, eat_drink_and_be_merry_uskayaw,
          okawaru_gym_becter, cheibrodos_sewer_entry_bend, nrook_uturn,
          minmay_splitting_lines, kennysheep_generic_room_7
D:6:      layout_cave_pools, regret_index_temple_of_mockery, lemuel_round_altar,
          serial_shops, nicolae_shop_waterfront, nicolae_shop_waterfront,
          nicolae_shop_trees, shop_coins, nicolae_shop_behind_doors,
          minmay_shop_grid_forest
D:7:      layout_basic, eino_curves_04
D:8:      layout_basic, pdpol_wu_jian_five_deadly_venoms, uniq_prince_ribbit1,
          uniq_maurice, uniq_psyche
D:9:      minmay_inner_zag, layout_long_grid, kennysheep_mini,
          gammafunk_temple_overflow_wave
D:10:     layout_roguey, kennysheep_orc_monster_closet_entryway,
          corexii_corridor_pit, billiards_dpeg
D:11:     layout_irregular_city, uniq_harold
D:12:     layout_irregular_city, portal_ice_cave_rime
D:13:     layout_gridville, mikee_hates_you
D:14:     layout_roguey, hangedman_vaults_entry_quadrant_bands,
          yredelemnul_altar_generic, lemuel_flamethrower_3
Temple:   cyrus_temple_forest

Skill      XL: |  1  2  3  4  5  6  7  8  9 10 11 12 13 |
---------------+----------------------------------------+-----
Axes           | 4 5 6 7 8 10 12 14 16 17 18 | 18.3
Fighting       | 4 5 6 7 9 10 12 13 15 | 15.3
Dodging        | 3 4 5 6 8 9 10 12 | 12.5
Armour         | |  2.4

Action                   |  1- 3 |  4- 6 |  7- 9 | 10-12 | 13-15 || total
-------------------------+-------+-------+-------+-------+-------++-------
Melee: Hand axe          |    49 |   123 |   396 |   254 |       ||   822
       Headbutt          |     3 |    24 |    66 |   140 |    20 ||   253
       Battleaxe         |       |       |       |   339 |       ||   339
       Broad axe         |       |       |       |    94 |    78 ||   172
Invok: Trog's Hand       |     2 |       |     3 |     3 |     2 ||    10
       Berserk           |     1 |     5 |     5 |     6 |     1 ||    18
       Brothers in Arms  |       |       |       |     8 |     1 ||     9
Evoke: Wand              |       |       |       |     3 |    11 ||    14
  Use: Scroll            |     5 |     3 |     3 |    23 |     2 ||    36
       Potion            |       |       |       |     1 |     3 ||     4
 Stab: Sleeping          |     1 |       |     1 |       |       ||     2
Armor: Animal skin       |    11 |    20 |    25 |    29 |       ||    85
       Plate armour      |       |       |       |   308 |    34 ||   342
Dodge: Dodged            |    45 |    91 |   232 |   350 |    30 ||   748
Block: Other             |       |       |       |    94 |    12 ||   106
       Reflection        |       |       |       |     3 |       ||     3
